AoeStats
← [CL] Maga Oscura

Arena

516549985Analyzed
4v4 RM · 21d ago on Oct 26, 2026· 54m 4s· 8 players
Game mode
Random Map
Map size
Large (8 player)
Population
200
Speed
Normal
Resources
Standard
Victory
Conquest
Starting age
Dark Age
Ending age
Imperial Age
RankedLock teamsTeams togetherTeam positionsShared explorationLock speedFull tech treeHidden civsTurbo modeCheats
Victory
Defeat
🇨🇱 Celts · Chile
1677
+8
🇨🇱 Vikings · Chile
1670
+8
🇨🇱 Byzantines · Chile
1579
+11
🇨🇱 Huns · Chile
1548
+13
vs
🇻🇪 Cumans · Venezuela
1529
-12
🇹🇼 Celts · Taiwan
1492
-10
1478
-10
🇺🇸 Bohemians · United States
1432
-8
Skirm2OP
10:48 Feudal Age
10:20 Loom
14:47 Castle Age
13:44 Fletching
24:45 Fervor
26:08 Double-Bit Axe
27:14 Horse Collar
28:34 Bow Saw
29:29 Wheelbarrow
28:44 Town Watch
33:21 Imperial Age
31:26 Heavy Plow
31:37 Pikeman
32:18 Squires
32:20 Scale Mail Armor
33:48 Chemistry
33:56 Houfnice
36:52 Two-Man Saw
36:44 Padded Archer Armor
38:07 Leather Archer Armor
42:26 Siege Engineers
42:31 Masonry
42:22 Bodkin Arrow
ITVE | Yiz
6:10 Loom
8:30 Feudal Age
9:03 Double-Bit Axe
9:21 Horse Collar
14:26 Wheelbarrow
19:16 Castle Age
18:17 Scale Barding Armor
19:12 Gold Mining
20:39 Bow Saw
23:28 Heavy Plow
24:16 Hand Cart
26:53 Stone Mining
29:44 Imperial Age
27:34 Chain Barding Armor
28:00 Gold Shaft Mining
27:38 Bloodlines
30:03 Forging
29:45 Elite Steppe Lancer
31:01 Plate Barding Armor
30:28 Steppe Husbandry
30:50 Conscription
33:25 Iron Casting
36:42 Blast Furnace
35:50 Fletching
38:31 Loom
40:32 Town Watch
41:42 Light Cavalry
ITA | CivettaSuBirillo
4:53 Double-Bit Axe
8:54 Horse Collar
11:18 Feudal Age
15:14 Castle Age
13:22 Gold Mining
14:01 Bow Saw
20:15 Squires
20:28 Squires
21:37 Arson
22:10 Forging
28:00 Iron Casting
28:32 Wheelbarrow
27:43 Town Watch
28:25 Loom
29:24 Wheelbarrow
33:56 Imperial Age
31:51 Hand Cart
31:53 Fortified Wall
31:54 Masonry
31:24 Treadmill Crane
32:25 Husbandry
32:03 Cavalier
32:50 Scale Barding Armor
36:01 Two-Man Saw
35:02 Heavy Plow
35:39 Gold Shaft Mining
35:39 Architecture
36:24 Chain Barding Armor
38:01 Chemistry
40:55 Blast Furnace
43:24 Ballistics
43:25 Bombard Tower
44:03 Fletching
47:00 Padded Archer Armor
48:46 Plate Barding Armor
48:02 Light Cavalry
49:22 Hussar
50:30 Bodkin Arrow
50:51 Leather Archer Armor
52:33 Bracer
54:29 Murder Holes
Fries
8:22 Loom
10:09 Feudal Age
14:45 Castle Age
12:35 Double-Bit Axe
26:29 Horse Collar
28:45 Wheelbarrow
29:18 Bow Saw
31:12 Hand Cart
37:14 Imperial Age
34:35 Pikeman
35:22 Scale Mail Armor
35:34 Heavy Plow
35:48 Forging
36:09 Ballistics
36:00 Gold Mining
36:53 Arson
36:54 Gambesons
37:26 Halberdier
39:50 Chemistry
39:50 Gold Shaft Mining
39:34 Chain Mail Armor
40:25 Iron Casting
40:21 Heavy Scorpion
41:12 Town Watch
42:41 Blast Furnace
41:47 Scale Barding Armor
42:20 Plate Mail Armor
41:33 Capped Ram
42:38 Siege Engineers
45:35 Conscription
45:25 Furor Celtica
45:15 Siege Ram
[CL] Dubstepyzed
1:47 Loom
10:06 Feudal Age
13:39 Castle Age
11:56 Double-Bit Axe
12:11 Horse Collar
14:29 Bow Saw
15:06 Wheelbarrow
18:03 Loom
25:53 Town Watch
37:06 Fervor
38:52 Hand Cart
42:16 Imperial Age
40:36 Fletching
41:15 Bodkin Arrow
41:37 Padded Archer Armor
41:39 Gold Mining
42:06 Thumb Ring
42:41 Ballistics
42:58 Bracer
43:04 Husbandry
43:55 Gold Shaft Mining
44:28 Chemistry
43:39 Stone Mining
44:25 Parthian Tactics
45:02 Coinage
44:51 Leather Archer Armor
44:58 Bloodlines
46:06 Two-Man Saw
44:32 Heavy Cavalry Archer
45:55 Conscription
46:53 Scale Barding Armor
46:58 Forging
47:20 Guilds
47:59 Chain Barding Armor
48:16 Iron Casting
49:20 Plate Barding Armor
49:39 Elite Tarkan
51:33 Blast Furnace
[CL] Maga Oscura
11:34 Feudal Age
15:55 Castle Age
13:44 Double-Bit Axe
13:43 Horse Collar
15:58 Loom
18:34 Fortified Wall
19:51 Wheelbarrow
28:55 Imperial Age
26:42 Hand Cart
28:16 Bow Saw
30:12 Forging
30:34 Scale Barding Armor
30:52 Gold Mining
33:15 Chain Barding Armor
33:14 Heavy Plow
35:34 Iron Casting
36:16 Conscription
37:38 Plate Barding Armor
38:28 Husbandry
39:50 Chemistry
41:23 Hoardings
41:40 Scale Mail Armor
41:45 Pikeman
42:26 Squires
42:38 Halberdier
44:05 Chain Mail Armor
44:12 Arson
49:31 Arson
53:20 Elite Varangian Guard
[CL] El Sin Manos
10:08 Feudal Age
14:13 Castle Age
12:24 Double-Bit Axe
12:20 Horse Collar
15:49 Loom
19:29 Bow Saw
20:31 Town Watch
24:22 Wheelbarrow
23:25 Pikeman
24:49 Scale Mail Armor
24:46 Gold Mining
27:42 Heavy Plow
30:54 Imperial Age
29:39 Masonry
29:47 Chain Mail Armor
29:26 Arson
30:20 Stone Mining
31:07 Gold Shaft Mining
30:55 Hand Cart
31:03 Halberdier
32:17 Plate Mail Armor
32:45 Forging
32:26 Fletching
32:58 Conscription
33:43 Chemistry
33:04 Ballistics
33:47 Chemistry
32:38 Capped Ram
34:21 Iron Casting
33:42 Bodkin Arrow
35:52 Stone Shaft Mining
35:37 Furor Celtica
36:43 Siege Engineers
36:59 Siege Ram
38:13 Gambesons
40:08 Onager
43:24 Stronghold
45:01 Blast Furnace
44:00 Murder Holes
46:53 Siege Onager
49:15 Hoardings
50:35 Elite Woad Raider
53:10 Fortified Wall
Darth Maul
5:44 Loom
6:53 Loom
9:18 Feudal Age
9:56 Double-Bit Axe
9:53 Horse Collar
11:10 Fletching
13:52 Horse Collar
21:46 Castle Age
20:16 Town Watch
22:09 Gold Mining
23:26 Bow Saw
23:47 Scale Mail Armor
25:30 Squires
31:59 Chain Mail Armor
32:36 Forging
36:35 Imperial Age
36:58 Iron Casting
36:47 Elite Varangian Guard
38:12 Arson
38:58 Plate Mail Armor
39:28 Blast Furnace
40:57 Conscription
42:39 Blast Furnace
42:26 Man-at-Arms
42:33 Crossbowman
43:27 Pikeman
43:59 Arbalester
45:23 Bodkin Arrow
45:55 Padded Archer Armor
46:49 Ballistics
47:30 Chemistry
46:45 Bodkin Arrow
47:25 Bracer
53:06 Long Swordsman
Connection lost

Rejoining the realm…

Still unreachable

The connection could not be restored.

Session expired

The server has moved on; the page needs a fresh start.